 Dungeon Crawl Stone Soup version 0.18.1-8-gdd0e5ea (webtiles) character file.

18416 manyhoops the Fencer (level 12, -1/113 HPs)
             Began as a Pale Draconian Fighter on May 31, 2016.
             Was the Champion of Okawaru.
             Slain by an orc warrior
             ... wielding a +0 war axe of electrocution
              (20 damage)
             ... on level 1 of the Orcish Mines.
             The game lasted 00:37:17 (12208 turns).

manyhoops the Fencer (Pale Draconian Fighter)      Turns: 12208, Time: 00:37:24

Health: -1/113     AC: 18    Str: 22    XL:     12   Next: 27%
Magic:  14/14      EV: 13    Int: 10    God:    Okawaru [******]
Gold:   1030       SH:  0    Dex: 14    Spells: 0 memorised, 11 levels left

rFire  . . .     SeeInvis .     b - +0 great sword
rCold  . . .     Gourm    .     (armour unavailable)
rNeg   . . .     Faith    .     (shield currently unavailable)
rPois  +         Spirit   .     (helmet restricted)
rElec  .         Dismiss  .     V - +2 cloak {rPois}
rCorr  .         Reflect  .     h - +2 pair of gloves {Dex+3}
SustAt .         Harm     .     M - +0 pair of boots {Stlth+}
MR     .....                    r - amulet of regeneration
Stlth  +++.......               I - +3 ring of protection
                                m - +5 ring of slaying

@: not resistant to hostile enchantments, fairly stealthy
A: breathe steam, unfitting armour, antennae 1, big wings, cold-blooded, AC +8
a: Breathe Steam, Fly, Heroism, Finesse, Renounce Religion


You were on level 1 of the Orcish Mines.
You worshipped Okawaru.
Okawaru was exalted by your worship.
You were not hungry.

You visited 4 branches of the dungeon, and saw 15 of its levels.
You also visited: Labyrinth, Sewer and Bailey.

You collected 1165 gold pieces.
You spent 135 gold pieces at shops.

Inventory:

Hand Weapons
 b - a +0 great sword (weapon)
 f - a +1 flail of protection
 o - a +0 long sword of freezing
Armour
 h - a +2 pair of gloves of dexterity (worn)
 M - a +0 pair of boots of stealth (worn)
 V - a +2 cloak of poison resistance (worn)
Jewellery
 m - a +5 ring of slaying (left hand)
 r - an amulet of regeneration (around neck)
 D - an uncursed amulet of rage
 I - a +3 ring of protection (right hand)
Wands
 Q - a wand of confusion (30/48)
 R - a wand of lightning (4/15)
 Y - a wand of acid (12/15)
 Z - a wand of disintegration (8/24)
Scrolls
 e - a scroll of enchant weapon
 g - 13 scrolls of remove curse
 n - a scroll of fog
 p - 4 scrolls of recharging
 t - 3 scrolls of magic mapping
 x - 2 scrolls of enchant armour
 y - 5 scrolls of teleportation
 E - 4 scrolls of fear
 K - a scroll of summoning {unknown}
 T - a scroll of vulnerability {unknown}
 X - a scroll of brand weapon {unknown}
Potions
 c - a potion of might
 j - 4 potions of brilliance
 l - 5 potions of heal wounds
 q - 5 potions of curing
 s - 3 potions of ambrosia
 u - 2 potions of mutation {unknown}
 w - 3 potions of agility
 A - a potion of berserk rage {unknown}
 B - a potion of invisibility
 F - a potion of resistance
 G - a potion of cancellation {unknown}
 N - a potion of cure mutation {unknown}
 P - a potion of flight {unknown}
Miscellaneous
 L - a plain deck of wonders
Comestibles
 d - 6 bread rations


   Skills:
 + Level 12.7 Fighting
   Level 2.7(10.6) Short Blades
 * Level 15.2(15.3) Long Blades
 - Level 0.6 Throwing
 - Level 2.6 Dodging
   Level 4.0 Shields
 * Level 3.6 Invocations


You had 11 spell levels left.
You didn't know any spells.

Dungeon Overview and Level Annotations

Branches:
Dungeon (11/15)            Temple (1/1) D:6            Lair (1/8) D:10
    Orc (2/2) D:10            Elf (0/3) Orc:2

Altars:
Cheibriados
Dithmenos
Elyvilon
Fedhas
Gozag
Makhleb
Nemelex Xobeh
Okawaru
Pakellas
Qazlal
Ru
Sif Muna
Vehumet
Xom
Yredelemnul
Zin
The Shining One
Beogh

Shops:
D:4 }?*!   D:9 [   Orc:2 !

Annotations:
D:9 Erica


Innate Abilities, Weirdness & Mutations

You can breathe blasts of scalding, opaque steam.
Your pale cyan-grey scales are hard (AC +8).
Your body does not fit into most forms of armour.
You are cold-blooded and may be slowed by cold attacks.
You have a pair of small antennae on your head.
Your large and strong wings let you fly indefinitely.


Message History

The orc warrior hits you with a war axe of electrocution!
The orc knight hits you from afar with a glaive!
You climb upwards.
There is a stone staircase leading down, spattered with blood here.
You see here a club.
You barely miss the orc warrior. The orc warrior hits you with a flail!
The orc warrior hits you with a war axe of electrocution!
You completely miss the orc warrior. You slash the orc warrior!
You tail-slap the orc warrior, but do no damage.
The orc warrior is severely wounded.
The orc warrior hits you but does no damage.
The orc warrior hits you with a war axe of electrocution!!
You completely miss the orc warrior.
The orc warrior is severely wounded.
The orc warrior hits you with a flail.
The orc warrior hits you with a war axe of electrocution!
* * * LOW HITPOINT WARNING * * *
You are electrocuted!
You die...

##....## #......####
###
##.....##..####.##
##...........#....#
##................##
#.......#.......###
####....#..........##
#........#[[[.......#
##........#@o......##
##.......o))......#
##.....>........##
##.##.........##
##.#....##.###
###....#### ##......#
#.....### ##.####


You could see 2 orc warriors.

Vanquished Creatures
  A minotaur (Lab)
  The ghost of Zleub the Destroyer, a journeyman DrCj of Vehumet (D:9)
  4 orc high priests (Orc:2)
  The ghost of vonhedlund the Thaumaturge, a novice HECj of Vehumet (Orc:2)
  6 orc knights
  A hill giant (D:10)
  2 orc sorcerers (Orc:1)
  A centaur zombie (D:10)
  Psyche (D:10)
  2 komodo dragons (D:10)
  A troll (Orc:1)
  4 yaks (D:10)
  A hippogriff (D:8)
  A hungry ghost (D:8)
  Eustachio (D:6)
  Menkaure (D:5)
  3 wargs
  A water moccasin (D:9)
  29 orc warriors
  A swamp drake (D:10)
  Purgy (Sewer)
  An ice beast (D:9)
  4 sky beasts
  A phantom (D:8)
  6 ogres
  2 centaurs
  2 crocodiles (D:10)
  A wyvern zombie (D:7)
  3 giant frogs
  A wyvern skeleton (D:9)
  4 scorpions
  6 killer bees (D:8)
  A howler monkey (D:5)
  2 crimson imps
  2 quasits (D:8)
  25 orc priests
  5 hounds
  14 orc wizards
  2 giant frog skeletons
  2 jellies
  Ijyb (D:2)
  8 iguanas
  4 worker ants
  2 killer bee zombies (D:10)
  A hound zombie (D:7)
  2 hound skeletons
  A howler monkey zombie (D:8)
  A worker ant zombie (D:8)
  Robin (D:4)
  11 gnolls
  11 adders
  An adder zombie (D:9)
  2 adder skeletons
  6 worms
  6 dart slugs
  3 giant geckos
  76 orcs
  7 bats
  18 giant cockroaches
  21 goblins
  12 hobgoblins
  8 jackals
  11 kobolds
  3 quokkas
  2 ball pythons
  2 giant cockroach zombies
  A giant gecko zombie (D:8)
  10 giant newts
  A jackal skeleton (D:4)
  8 rats
389 creatures vanquished.

Notes
Turn   | Place    | Note
--------------------------------------------------------------
     0 | D:1      | manyhoops the Draconian Fighter began the quest for the Orb.
     0 | D:1      | Reached XP level 1. HP: 19/19 MP: 1/1
    74 | D:1      | Reached XP level 2. HP: 20/26 MP: 2/2
   292 | D:1      | You fall through a shaft!
   311 | D:2      | Reached XP level 3. HP: 33/33 MP: 3/3
   970 | D:2      | Noticed Ijyb
   980 | D:2      | Killed Ijyb
   980 | D:2      | Reached XP level 4. HP: 40/40 MP: 4/4
  1069 | D:2      | Reached skill level 3 in Long Blades
  1181 | D:2      | Reached XP level 5. HP: 16/47 MP: 5/5
  1904 | D:3      | Reached skill level 4 in Long Blades
  2460 | D:4      | Reached skill level 5 in Fighting
  2460 | D:4      | Reached XP level 6. HP: 56/56 MP: 6/6
  2524 | D:4      | Reached skill level 5 in Long Blades
  2556 | D:4      | Found Pyahos's Distillery.
  2558 | D:4      | Noticed Robin
  2570 | D:4      | Killed Robin
  2618 | D:4      | Found a shadowy altar of Dithmenos.
  2679 | D:4      | Found Wuogi's Magic Scroll Emporium.
  2683 | D:4      | Bought a scroll of identify for 20 gold pieces
  2683 | D:4      | Bought a scroll of identify for 20 gold pieces
  2683 | D:4      | Bought a scroll of enchant armour for 75 gold pieces
  2683 | D:4      | Bought a scroll of identify for 20 gold pieces
  2713 | D:4      | Found Umerph Vijounk's Gadget Emporium.
  2767 | D:4      | Found a glowing drain.
  2786 | Sewer    | Entered a sewer
  2839 | Sewer    | Noticed Purgy
  2855 | Sewer    | Killed Purgy
  2855 | Sewer    | Reached skill level 6 in Long Blades
  2855 | Sewer    | Your scales start taking on a pale cyan-grey colour.
  2855 | Sewer    | Reached XP level 7. HP: 53/61 MP: 7/7
  2994 | D:4      | Found Gaaquilupn's Assorted Antiques.
  3270 | D:5      | Entered Level 5 of the Dungeon
  3523 | D:5      | Reached skill level 1 in Short Blades
  3542 | D:5      | Noticed Menkaure
  3546 | D:5      | Killed Menkaure
  3854 | D:5      | Reached XP level 8. HP: 62/74 MP: 8/8
  4177 | D:6      | Found a staircase to the Ecumenical Temple.
  4197 | Temple   | Entered the Ecumenical Temple
  4316 | Temple   | Became a worshipper of Warmaster Okawaru
  4518 | D:6      | Noticed Eustachio
  4527 | D:6      | Killed Eustachio
  4588 | D:7      | Reached skill level 7 in Long Blades
  4745 | D:7      | Reached * piety under Okawaru
  4758 | D:7      | Found a sparkling altar of Nemelex Xobeh.
  4937 | D:7      | Found a snail-covered altar of Cheibriados.
  5136 | D:7      | Reached skill level 8 in Long Blades
  5470 | D:8      | Reached XP level 9. HP: 72/83 MP: 9/9
  5715 | D:8      | Reached ** piety under Okawaru
  5715 | D:8      | Reached skill level 9 in Long Blades
  5736 | D:8      | Gained mutation: Your large and strong wings let you fly indefinitely. [potion of beneficial mutation]
  6096 | D:9      | Gained mutation: You have a pair of small antennae on your head. [potion of beneficial mutation]
  6131 | D:9      | Found Cebusis's Armour Shoppe.
  6140 | D:9      | Reached skill level 10 in Long Blades
  6171 | D:9      | Found a flagged portal.
  6182 | Bailey   | Entered a bailey
  6182 | Bailey   | Noticed an orc knight
  6213 | Bailey   | Reached *** piety under Okawaru
  6229 | Bailey   | Noticed an orc knight
  6372 | D:9      | Reached skill level 10 in Fighting
  6851 | D:9      | Noticed Zleub's ghost (journeyman DrCj)
  6855 | D:10     | Entered Level 10 of the Dungeon
  6873 | D:9      | Killed Zleub's ghost
  6873 | D:9      | Reached **** piety under Okawaru
  6873 | D:9      | Reached skill level 11 in Long Blades
  6873 | D:9      | Reached XP level 10. HP: 93/93 MP: 10/10
  6970 | D:10     | Noticed Erica
  7524 | D:10     | Reached skill level 12 in Long Blades
  7608 | D:10     | Found a staircase to the Lair.
  7608 | D:10     | Noticed Psyche
  7619 | D:10     | Killed Psyche
  7619 | D:10     | Reached ***** piety under Okawaru
  7895 | D:10     | Found a staircase to the Orcish Mines.
  7976 | D:10     | Noticed a hill giant
  8009 | D:10     | Killed a hill giant
  8209 | D:10     | Received a gift from Okawaru
  8209 | D:10     | Reached XP level 11. HP: 100/102 MP: 11/11
  8429 | D:11     | Found a labyrinth entrance.
  8444 | D:11     | Reached skill level 13 in Long Blades
  8456 | Lab      | Entered a labyrinth
  8674 | Lab      | Noticed a minotaur
  8679 | Lab      | Killed a minotaur
  8681 | Lab      | Got a pitted iron ring
  8682 | Lab      | Got a crystal quarterstaff {speed}
  8695 | Lab      | Identified the ring "Ecoes" {Fire MP+9} (You took it off a minotaur in a labyrinth)
  8844 | Lair:1   | Entered Level 1 of the Lair of Beasts
  8971 | Orc:1    | Entered Level 1 of the Orcish Mines
  9017 | Orc:1    | Noticed an orc sorcerer
  9072 | Orc:1    | Found a roughly hewn altar of Beogh.
  9275 | Orc:1    | Paralysed by an orc sorcerer for 3 turns
  9283 | Orc:1    | Killed an orc sorcerer
  9422 | Orc:1    | Found a roughly hewn altar of Beogh.
  9486 | Orc:2    | Entered Level 2 of the Orcish Mines
  9516 | Orc:2    | Found a roughly hewn altar of Beogh.
  9516 | Orc:2    | Noticed an orc high priest
  9516 | Orc:2    | Noticed an orc sorcerer
  9792 | Orc:2    | Found Buhyclod's Distillery.
  9806 | Orc:1    | Killed an orc sorcerer
  9812 | Orc:2    | Noticed vonhedlund's ghost (novice HECj)
  9896 | Orc:2    | Killed vonhedlund's ghost
  9896 | Orc:2    | Reached skill level 14 in Long Blades
 10190 | Orc:2    | Killed an orc high priest
 10316 | Orc:2    | Found a staircase to the Elven Halls.
 10374 | Orc:2    | Noticed an orc knight
 10374 | Orc:2    | Noticed an orc knight
 10375 | Orc:2    | Noticed an orc knight
 10377 | Orc:2    | Noticed an orc high priest
 10405 | Orc:1    | Reached skill level 1 in Invocations
 10749 | Orc:1    | Killed an orc knight
 10982 | Orc:2    | Killed an orc high priest
 11072 | Orc:2    | Received a gift from Okawaru
 11329 | Orc:2    | Killed an orc knight
 11484 | Orc:2    | Noticed an orc knight
 11485 | Orc:2    | Noticed an orc knight
 11521 | Orc:2    | Killed an orc knight
 11521 | Orc:2    | Reached XP level 12. HP: 87/113 MP: 14/14
 11556 | Orc:2    | Reached ****** piety under Okawaru
 11695 | Orc:2    | Noticed an orc high priest
 11707 | Orc:2    | Killed an orc high priest
 11707 | Orc:2    | Received a gift from Okawaru
 11707 | Orc:2    | Reached skill level 15 in Long Blades
 11760 | Orc:2    | Noticed an orc high priest
 11855 | Orc:2    | Killed an orc high priest
 12208 | Orc:1    | Slain by an orc warrior

Skill      XL: |  1  2  3  4  5  6  7  8  9 10 11 12 |
---------------+-------------------------------------+-----
Fighting       | 4 5 7 9 10 11 12 | 12.7
Shields        | 4 |  4.0
Long Blades    | 3 4 6 8 11 12 14 15 | 15.2
Short Blades   | 2 |  2.7
Invocations    | 2 3 |  3.6
Throwing       | |  0.6
Dodging        | |  2.6

Action                   |  1- 3 |  4- 6 |  7- 9 | 10-12 || total
-------------------------+-------+-------+-------+-------++-------
Melee: Long sword        |   118 |   204 |   220 |   298 ||   840
       Tailslap          |    14 |    19 |    41 |    72 ||   146
       Rapier            |       |       |    75 |       ||    75
       Great sword       |       |       |       |   173 ||   173
Throw: Throwing net      |       |       |     1 |     1 ||     2
 Abil: Breathe Steam     |       |       |     4 |     3 ||     7
       Evoke Berserk Rag |       |       |     1 |     3 ||     4
Evoke: Wand              |       |       |     2 |     2 ||     4
  Use: Scroll            |       |    13 |     6 |     9 ||    28
       Potion            |       |     1 |     2 |     2 ||     5
 Stab: Sleeping          |       |       |     7 |     5 ||    12
  Eat: Chunk             |       |     3 |     7 |    11 ||    21
       Bread ration      |       |     1 |     2 |     1 ||     4
       Royal jelly       |       |       |       |     1 ||     1
       Pizza             |       |       |       |     1 ||     1
Armor: Skin              |    53 |    64 |    74 |   121 ||   312
Dodge: Dodged            |    63 |   111 |   116 |   183 ||   473
Block: Shield            |    79 |    93 |    76 |       ||   248
       Buckler           |       |       |    16 |    42 ||    58
